 Dungeon Crawl Stone Soup version 0.30-a0-626-gd6a5dd7a1f (webtiles) character file.

Game seed: 7432379039387640984

572199 ragingrage the Eclecticist (level 27, 0/210 HPs)
             Began as a Djinni Air Elementalist on Jan 11, 2023.
             Was a Priest of Ashenzari.
             Slain by a death cob (20 damage)
             ... on level 1 of the Realm of Zot.
             The game lasted 02:29:26 (64125 turns).

ragingrage the Eclecticist (DjAE)                  Turns: 64125, Time: 02:29:26

Health: 0/210      AC: 31    Str: 16    XL:     27
Gold:   3699       EV: 14    Int: 34    God:    Ashenzari [***...] SH: 15 Dex: 15

rFire   + + .      SeeInvis +    b - +18 lance "Wyrmbane" {slay drac, rPois rF+ rC+ AC+3}
rCold   + . .      Faith    .    Y - +1 kite shield "Cursed Incredulity" {rN+, Evo, Self} (curse)
rNeg    + + .      Spirit   +    F - +0 storm dragon scales
rPois   ∞          Reflect  .    u - +0 helmet of Ouranomancy {Self, Fort} (curse)
rElec   +          Harm     .    T - +2 cloak of the Lotus Blossom {rF- Regen+ Str+3}
rCorr   .          Rampage  .    N - +0 pair of gloves "Chained With Me" {Self, Range} (curse)
Will    ++...      Clarity  +    (boots unavailable)
Stlth   +++                      x - amulet of the Ruined Jealousy {Spirit rN+ Regen+, Cun, Self} (curse)
HPRegen 2.15/turn                L - ring of Apeoromancy {AC+4, Evo, Self} (curse)
MPRegen 0.00/turn                M - ring of Fun {rPois rC+ Str+6 Int+4 SInv}

@: flying, very slightly contaminated, slowed, very slow
A: sickness immunity, fire resistance 2, cold vulnerability 1, float, innate
caster, HP casting, extra vitality 1
}: 4/15 runes: serpentine, barnacled, slimy, silver
a: Renounce Religion, Curse Item, Shatter the Chains


You were on level 1 of the Realm of Zot.
You worshipped Ashenzari.
Ashenzari was most pleased with you.
You visited 11 branches of the dungeon, and saw 49 of its levels.
You visited 1 bazaar.
You also visited: Bailey and Gauntlet.

You collected 9649 gold pieces.
You spent 5950 gold pieces at shops.

Inventory:

Hand Weapons
 b - the +18 lance "Wyrmbane" (weapon) {slay drac, rPois rF+ rC+ AC+3}
   (You took it off Margery on level 1 of the Depths)

   It inflicts extra damage against dragons and draconians.
   AC:        It affects your AC (+3).
   rF:        It protects you from fire.
   rC:        It protects you from cold.
   rPois:     It protects you from poison.
Missiles
 z - 3 throwing nets
 Q - 7 silver javelins
 Z - 6 curare-tipped darts
Armour
 u - the cursed +0 helmet of Ouranomancy (worn) {Self, Fort}
   (You took it off Robin on level 1 of the Dungeon)

   It has a curse which improves the following skills: Introspection: Fighting
   and Spellcasting.
   Fortitude: Armour and Shields.
 F - +0 storm dragon scales (worn)
 N - the cursed +0 pair of gloves "Chained With Me" (worn) {Self, Range}
   (You found it on level 12 of the Dungeon)

   It has a curse which improves the following skills: Introspection: Fighting
   and Spellcasting.
   Ranged Combat: Ranged Weapons and Throwing.
 T - the +2 cloak of the Lotus Blossom (worn) {rF- Regen+ Str+3}
   (You found it on level 2 of the Snake Pit)

   Str:       It affects your strength (+3).
   rF:        It makes you vulnerable to fire.
   Regen:     It increases your rate of health regeneration.
 Y - the cursed +1 kite shield "Cursed Incredulity" (worn) {rN+, Evo, Self}
   (You took it off a naga warrior on level 4 of the Snake Pit)

   It has a curse which improves the following skills: Evocations: Evocations.
   Introspection: Fighting and Spellcasting.
Jewellery
 x - the cursed amulet of the Ruined Jealousy (around neck) {Spirit rN+ Regen+, Cun, Self}
   (You bought it in a shop on level 2 of the Orcish Mines)

   [amulet of guardian spirit]

   It causes incoming damage to be divided between your reserves of health and
   magic.
   rN:        It protects you from negative energy.
   Regen:     It increases your rate of health regeneration.
   It has a curse which improves the following skills: Cunning: Dodging and
   Stealth.
   Introspection: Fighting and Spellcasting.
 K - a ring "Hulitair" {rC+ rCorr Str+2 Slay+2 SInv}
   (You took it off a yaktaur captain on level 5 of the Vaults)

   [ring of protection from cold]

   Str:       It affects your strength (+2).
   Slay:      It affects your accuracy & damage with ranged weapons and melee
   (+2).
   rC:        It protects you from cold.
   SInv:      It lets you see invisible.
   rCorr:     It protects you from acid and corrosion.
 L - the cursed ring of Apeoromancy (left hand) {AC+4, Evo, Self}
   (You found it on level 14 of the Dungeon)

   [ring of protection]

   AC:        It affects your AC (+4).
   It has a curse which improves the following skills: Evocations: Evocations.
   Introspection: Fighting and Spellcasting.
 M - the ring of Fun (right hand) {rPois rC+ Str+6 Int+4 SInv}
   (You found it on level 2 of the Snake Pit)

   [ring of poison resistance]

   Str:       It affects your strength (+6).
   Int:       It affects your intelligence (+4).
   rC:        It protects you from cold.
   rPois:     It protects you from poison.
   SInv:      It lets you see invisible.
Wands
 l - a wand of digging (31)
 m - a wand of iceblast (32)
 w - a wand of flame (84)
 I - a wand of acid (34)
 J - a wand of mindburst (14)
 U - a wand of paralysis (28)
Scrolls
 a - 2 scrolls of brand weapon
 i - 10 scrolls of poison
 k - 28 scrolls of teleportation
 p - 9 scrolls of fog
 t - 12 scrolls of vulnerability
 v - 2 scrolls of magic mapping
 y - 7 scrolls of fear
 D - 8 scrolls of butterflies
 E - a scroll of acquirement
 H - 3 scrolls of torment
 O - 5 scrolls of blinking
 R - 9 scrolls of immolation
Potions
 c - 11 potions of heal wounds
 e - 6 potions of lignification
 h - 8 potions of might
 j - 16 potions of attraction
 n - 7 potions of brilliance
 o - 6 potions of invisibility
 q - 10 potions of mutation
 r - 7 potions of ambrosia
 s - 21 potions of curing
 A - 7 potions of berserk rage
 B - 6 potions of haste
 V - 2 potions of cancellation
 W - 3 potions of resistance
Miscellaneous
 f - a phial of floods
 g - a tin of tremorstones (2/2)
 C - a condenser vane
 G - a tin of tremorstones (2/2)
 S - a phantom mirror
 X - a box of beasts


   Skills:
 - Level 17.1(21.5) Fighting
 - Level 10.0 Short Blades
 - Level 12.0 Polearms
 * Level 15.3(16.8) Armour
 + Level 17.8(19.2) Dodging
 + Level 13.6(15.1) Stealth
 + Level 15.9(17.4) Shields
 - Level 18.6(23.0) Spellcasting
 + Level 16.5(18.8) Evocations


You couldn't memorise any spells.
You knew the following spells:

 Your Spells              Type           Power      Damage    Failure   Level
a - Necromutation         Tmut/Necr      57%        N/A       3%          8
b - Static Discharge      Conj/Air       100%       2-7/arc   0%          2
c - Swiftness             Air            100%       N/A       0%          3
d - Airstrike             Air            57%        2d(9-25)  0%          4
e - Slow                  Hex            100%       N/A       0%          1
f - Ignition              Fire           57%        3d16      3%          8
g - Ignite Poison         Fire/Tmut/Pois 100%       N/A       0%          3
h - Petrify               Tmut/Erth      100%       N/A       0%          4
i - Leda's Liquefaction   Hex/Erth       57%        N/A       0%          4
j - Arcjolt               Conj/Air       57%        1d67      0%          5
k - Iron Shot             Conj/Erth      57%        9d11      1%          6
l - Simulacrum            Ice/Necr       57%        N/A       1%          6
m - Conjure Ball Lightni  Conj/Air       57%        3x3d21    1%          6
n - Disjunction           Tloc           57%        N/A       3%          8
o - Searing Ray           Conj           100%       2d8       0%          2
p - Shock                 Conj/Air       100%       1d9       0%          1
q - Death's Door          Necr           57%        N/A       52%         9
Your spell library was empty.

Dungeon Overview and Level Annotations

Branches:
Dungeon (15/15)            Temple (1/1) D:4            Lair (5/5) D:9
 Shoals (4/4) Lair:3        Snake (4/4) Lair:2        Slime (5/5) Lair:4
    Orc (2/2) D:11            Elf (3/3) Orc:2        Vaults (5/5) D:13
  Crypt (0/3) Vaults:3     Depths (4/4) D:15            Zot (1/5) Depths:4
 Bailey (visited)         Gauntlet (visited)

Altars:
Ashenzari
Cheibriados
Dithmenos
Elyvilon
Fedhas
Gozag
Hepliaklqana
Makhleb
Nemelex Xobeh
Okawaru
Qazlal
Ru
Trog
Uskayaw
Wu Jian
Xom
Yredelemnul
Zin
The Shining One
Jiyva
Lugonu

Shops:
Orc:1 *   Orc:2 *?**(   Elf:2 :==   Shoals:3 !   Shoals:4 *   Snake:4 (
Vaults:3 !   Depths:1 (   Depths:2 *   Depths:3 [((   Depths:4 :

Portals:
Hell: Depths:1 Depths:2 Depths:3 Depths:4
Abyss: Depths:3
Pandemonium: Depths:2
Ziggurat: Depths:4

Annotations:
D:4 1 runed translucent door, Crazy Yiuf
D:5 exclusion: downstairs
D:12 1 exclusion
Elf:2 3 runed translucent doors
Depths:2 2 runed translucent doors, drugrobin's ghost, adept DgDe
Depths:3 3 runed translucent doors, Caat Rau's ghost, adept DgCj; Gucom's ghost, veteran GnFi; WeeknightWizard's ghost, veteran DEFE


Innate Abilities, Weirdness & Mutations

You are immune to sickness and miasma.
You are immune to poison.
Your flesh is very heat resistant. (rF++)
You are vulnerable to cold. (rC-)
You float through the air rather than walking.
You learn spells naturally, not from books.
Your magical power is your life essence.
You have superior vitality. (+4 MHP)


Message History

The death cob hits you!
* * * LOW HITPOINT WARNING * * *
The death cob drains your vigour!
You feel yourself slow down. You block the death cob's attack.
Casting: Necromutation (dangerous; 3% risk of failure)
Confirm with . or Enter, or press ? or * to list all spells.
Casting: Ignition (dangerous; 3% risk of failure)
Press: ? - help, Dir - look around, f - activate The air bursts into flame!
The fireball engulfs the green draconian!!
The green draconian is heavily wounded.
The fireball engulfs the black draconian!!
The black draconian is heavily wounded.
The fireball engulfs the death cob!
The death cob is lightly damaged.
The fireball engulfs the black draconian!
The black draconian is severely wounded.
The fireball engulfs the death cob!!
The death cob is moderately damaged.
The fireball engulfs the green draconian!!
The green draconian is severely wounded.
The fireball engulfs the green draconian!
The green draconian is almost dead.
* * * LOW HITPOINT WARNING * * *
The death cob hits you.
* * * LOW HITPOINT WARNING * * *
The death cob hits you but does no damage.
You block the death cob's attack.
As you read the scroll of fear, it crumbles to dust.
You assume a fearsome visage.
The green draconian resists with some effort.
The black draconian looks frightened!
The death cob is unaffected.
The electric golem is unaffected.
The death cob hits you but does no damage.
The death cob misses you. You block the death cob's attack. x2
The green draconian breathes poison at you.
The blast of poison engulfs you but does no damage.
You resist. The death cob attacks as you move away! The death cob hits you!!
You die...

* ,, *
,....)#..z..#* *
* ,.....[#)☼.#*
* * *##§.#
#######).## ,
#....)#.## ,,, *
#####...d{§####
, *
#.⌠.d.######..#
, ,
#....#.☼d☼....#
,
,#####9.z@☼#..##
* ######☼☼.#* **
#.......##
,,,,...#####).#
* , ,, #Z)## * ,
...{..{Z## ,
.......## *
#######*


You could see an electric golem (wandering), a black draconian (fleeing), a
green draconian (catching breath) and a death cob.

Vanquished Creatures
  the Royal Jelly (Slime:5)
  Dissolution (Slime:4)
  A dread lich (Vaults:5)
  2 ancient liches (Vaults:5)
  Frederick (Depths:4)
  Vashnia (Snake:3)
  2 golden dragons
  A curse toe (Zot:1)
  2 tentacled monstrosities
  Asterion (Elf:1)
  2 quicksilver dragons
  A deep elf blademaster (Elf:3)
  A walking frostbound tome (Depths:3)
  2 liches (Vaults:5)
  3 titans
  A kraken (Shoals:3)
  14 acid blobs
  4 sphinxes
  2 tengu reavers
  9 shadow dragons
  A storm dragon (Vaults:5)
  3 draconian monks
  5 nagarajas
  4 rockslimes
  Roxanne (Snake:3)
  6 fire giants
  15 azure jellies
  8 deep elf sorcerers
  15 vault wardens
  A draconian scorcher (Zot:1)
  3 iron dragons
  2 deep elf elementalists (Elf:3)
  2 frost giants
  3 spectral caustic shrikes (Depths:2)
  10 ironbound preservers
  2 spriggan defenders (Depths:2)
  A draconian annihilator (Zot:1)
  A draconian stormcaller (Depths:4)
  2 orc warlords
  3 quicksilver oozes
  3 deep elf demonologists
  4 stone giants
  17 very ugly things
  7 ironbound thunderhulks
  2 black draconians
  2 green draconians
  15 dire elephants
  10 deep elf annihilators
  A purple draconian (Depths:4)
  A minotaur (Gauntlet)
  A yellow draconian (Zot:1)
  5 white draconians
  3 spark wasps (Depths:3)
  4 merfolk impalers
  4 merfolk javelineers (Shoals:4)
  2 fire dragons
  13 yaktaur captains
  6 deep elf death magi
  Josephine (D:13)
  7 ettins
  Fannar (Orc:1)
  2 great orbs of eyes
  8 deep elf high priests
  4 hydras
  Erolcha (D:11)
  31 vault guards
  2 entropy weavers
  A rakshasa (Depths:1)
  A hydra (shapeshifter) (Depths:3)
  Harold (D:9)
  5 ice dragons
  2 spriggan air magi
  3 salamander tyrants
  Erica (Lair:2)
  2 catoblepae
  A merfolk avatar (Shoals:2)
  3 death knights
  A peacekeeper (Vaults:4)
  4 ironbound frosthearts
  The ghost of OTABOTABOTAB the Destroyer, a journeyman GrEE of Sif Muna (Lair:1)
  2 ogre magi (Vaults:5)
  3 alligator snapping turtles
  3 centaur warriors
  2 satyrs
  3 merfolk aquamancers (Shoals:4)
  3 boulder beetles
  5 death yaks (Lair:3)
  2 anacondas
  3 deep troll earth magi
  5 deep troll shamans
  8 two-headed ogres
  5 spriggan berserkers
  3 naga warriors
  A vampire mage (Depths:2)
  8 dancing weapons
  2 shock serpents
  11 hell knights
  3 orc high priests (Orc:2)
  5 tengu warriors
  Nergalle (Orc:1)
  6 naga sharpshooters
  15 deep elf knights
  A fire crab (shapeshifter) (D:14)
  An iron troll (Depths:1)
  5 salamander mystics (Snake:2)
  3 skeletal warriors
  A flayed ghost (Depths:2)
  2 glowing orange brains (Depths:1)
  A sea snake (Shoals:4)
  32 deep trolls
  3 spriggan riders (Depths:4)
  3 naga ritualists
  7 wizards
  An obsidian statue (Gauntlet)
  8 lindwurms
  16 deep elf archers
  9 orc knights
  19 ironbound convokers
  A phantasmal warrior (Vaults:5)
  24 deep elf pyromancers
  5 necromancers
  6 mana vipers
  28 deep elf zephyrmancers
  6 salamanders
  7 orc sorcerers
  2 harpies
  A tengu skeleton (Depths:3)
  2 shining eyes
  A faun (shapeshifter) (Vaults:5)
  3 merfolk sirens
  21 ugly things
  A faun (Shoals:1)
  11 manticores
  3 moths of wrath
  6 cyclopes
  A guardian serpent (Snake:4)
  4 naga magi
  4 water nymphs
  3 eyes of devastation
  A gargoyle (D:10)
  3 torpor snails
  16 elephants
  12 vault sentinels
  21 black mambas
  4 rime drakes
  11 unseen horrors
  6 komodo dragons
  14 cane toads
  3 freezing wraiths
  A tormentor (Depths:2)
  A kobold demonologist (D:14)
  An efreet (D:15)
  34 yaktaurs
  An ice devil (Depths:2)
  A yaktaur (shapeshifter) (D:14)
  A tengu conjurer (Depths:2)
  10 merfolk
  A hellwing (Depths:2)
  3 trolls
  2 harpy zombies (D:15)
  5 tyrant leeches (Lair:5)
  5 hornets
  Prince Ribbit (D:9)
  A harpy skeleton (D:15)
  17 blink frogs
  6 wind drakes
  A frost giant simulacrum (Depths:3)
  10 dream sheep
  A dream sheep (shapeshifter) (Vaults:5)
  4 polar bears
  A snapping turtle (Shoals:2)
  38 slime creatures
  5 spriggans
  8 water elementals
  A vampire (D:9)
  3 air elementals
  2 culicivoras
  A ynoxinul (Depths:2)
  A shadow (D:12)
  2 wyverns
  A human (D:13)
  5 wraiths
  A small abomination (Depths:3)
  74 yaks
  18 vampire mosquitoes
  9 golden eyes
  3 fire elementals
  7 basilisks
  2 chaos spawn
  A redback (shapeshifter) (Depths:3)
  A redback (Vaults:4)
  13 nagas
  A warg (Orc:1)
  3 acid dragons
  9 water moccasins
  2 ice beasts
  A sky beast (D:7)
  4 large abominations (Depths:3)
  9 ogres
  An ogre (shapeshifter) (Elf:1)
  22 orc warriors
  17 wolves
  2 black bears
  A phantom (D:6)
  5 centaurs
  Blork the orc (D:6)
  4 kobold brigands
  24 bullfrogs
  6 scorpions
  A gnoll sergeant (D:6)
  A glowing shapeshifter simulacrum (Depths:3)
  5 earth elementals
  A hornet simulacrum (D:15)
  5 wights (D:9)
  9 killer bees
  4 electric eels
  5 howler monkeys
  4 lava snakes
  5 jellies
  20 orc priests
  2 hounds
  A gnoll bouda (Orc:2)
  2 iguanas
  27 orc wizards
  Robin (D:1)
  10 adders
  16 gnolls
  2 shadow imps
  8 white imps
  2 ufetubi
  2 worms (D:14)
  2 dart slugs (D:2)
  74 orcs
  3 bats
  6 endoplasms
  4 giant cockroaches
  10 hobgoblins
  4 jackals (D:2)
  33 kobolds
  7 quokkas
  6 ball pythons
  4 frilled lizards
  18 goblins
  11 rats
  A ball lightning (Elf:3)
  7 butterflies (Vaults:2)
  4 tentacles (Shoals:3)
1508 creatures vanquished.

Vanquished Creatures (collateral kills)
  A dread lich (Vaults:5)
  A juggernaut (Depths:4)
  Margery (Depths:1)
  Nikola (Shoals:3)
  2 golden dragons
  Jorgrun (Shoals:2)
  A walking frostbound tome (Depths:4)
  4 tentacled monstrosities
  A walking earthen tome (Depths:4)
  3 quicksilver dragons
  3 titans (Vaults:5)
  2 storm dragons (Vaults:5)
  2 sphinxes
  7 acid blobs
  Kirke (D:15)
  A tengu reaver (Vaults:5)
  A shadow dragon (Vaults:5)
  8 rockslimes
  Ilsuiw (Shoals:2)
  3 nagarajas
  2 fire giants
  2 azure jellies
  6 vault wardens
  A frost giant (Vaults:5)
  A spectral caustic shrike (Depths:2)
  Louise (Shoals:1)
  Aizul (Snake:3)
  2 draconian annihilators (Zot:1)
  7 quicksilver oozes
  A war gargoyle (Vaults:1)
  An orc warlord (Vaults:3)
  3 very ugly things
  10 ironbound preservers
  An ironbound thunderhulk (Vaults:4)
  2 stone giants
  A green draconian (Zot:1)
  10 dire elephants
  A purple draconian (Zot:1)
  3 red draconians (Zot:1)
  3 white draconians (Zot:1)
  2 yellow draconians
  A deep elf high priest (Vaults:5)
  6 yaktaur captains
  2 merfolk javelineers
  5 fire dragons
  7 merfolk impalers
  An ice dragon (Depths:4)
  2 vault guards (Vaults:1)
  5 great orbs of eyes
  3 salamander tyrants (Snake:4)
  2 merfolk avatars
  3 merfolk aquamancers (Shoals:4)
  2 alligator snapping turtles
  4 anacondas
  2 spriggan air magi (Depths:4)
  7 naga warriors
  2 centaur warriors
  3 two-headed ogres
  8 tengu warriors
  A spriggan berserker (Depths:4)
  2 shock serpents
  A deep elf knight (Elf:2)
  14 naga sharpshooters
  6 hell knights
  An iron troll (Depths:4)
  3 salamander mystics
  3 skeletal warriors (D:14)
  A glowing orange brain (Depths:4)
  A golden dragon zombie (Depths:3)
  11 sea snakes
  31 deep trolls
  A flayed ghost (Depths:2)
  A golden dragon skeleton (Depths:3)
  29 harpies
  3 orc knights
  6 naga ritualists
  5 ironbound convokers
  A necromancer (Vaults:2)
  10 lindwurms (Vaults:1)
  7 mana vipers
  A phantasmal warrior (Vaults:5)
  2 wizards
  11 fauns
  9 salamanders
  12 manticores
  A salamander (shapeshifter) (D:14)
  A wolf spider (shapeshifter) (Vaults:5)
  3 deep elf pyromancers
  An orc sorcerer (D:15)
  A shining eye (Slime:5)
  17 ugly things
  A moth of wrath (Zot:1)
  4 large abominations (Depths:3)
  4 cyclopes
  5 merfolk sirens
  31 black mambas
  8 guardian serpents
  11 naga magi
  A water nymph (Shoals:3)
  9 vault sentinels
  A freezing wraith (Vaults:5)
  17 yaktaurs
  2 tengu conjurers
  17 merfolk
  7 wind drakes
  A hornet (Depths:2)
  14 snapping turtles
  4 dream sheep
  49 slime creatures
  A spriggan (Depths:2)
  8 water elementals
  A golden eye (Slime:5)
  27 nagas
  A small abomination (Depths:3)
  3 boggarts (Vaults:1)
  An ogre (Vaults:5)
  A centaur (D:14)
  An orc priest (Vaults:5)
  An orc wizard (D:14)
  25 ball lightnings
  9 butterflies (Vaults:2)
  6 plants
639 creatures vanquished.

Vanquished Creatures (others)
  A salamander tyrant (Snake:2)
  A spriggan air mage (Depths:3)
  A merfolk aquamancer (Shoals:4)
  2 deep elf knights (Elf:2)
  A deep elf zephyrmancer (Elf:2)
  A black mamba (Snake:3)
  An air elemental (Elf:2)
  7 humans (D:15)
  2 small abominations (Depths:3)
  An orc warrior (Orc:2)
  An ogre (Vaults:5)
  253 ball lightnings
  A bush (Lair:5)
  44 fungi
  168 plants
  5 tentacles (Shoals:3)
  4 withered plants
494 creatures vanquished.

Grand Total: 2641 creatures vanquished

Notes
Turn   | Place    | Note
-------+----------+-------------------------------------------
     0 | D:1      | ragingrage the Djinni Air Elementalist began the quest for
                  | the Orb.
     0 | D:1      | ragingrage set off with the following spells memorised:
                  | Shock, Static Discharge, Swiftness, Airstrike.
     0 | D:1      | Reached XP level 1. HP: 15/15 MP: 0/0
   191 | D:1      | Reached XP level 2. HP: 19/22 MP: 0/0
   218 | D:1      | Reached skill level 1 in Fighting
   513 | D:1      | Found a faded altar of an unknown god.
   837 | D:2      | Noticed Robin
   841 | D:1      | Reached XP level 3. HP: 19/27 MP: 0/0
   841 | D:1      | Learned a level 1 spell: Slow
  1017 | D:2      | Reached skill level 3 in Spellcasting
  1188 | D:2      | Reached XP level 4. HP: 25/33 MP: 0/0
  1707 | D:1      | Killed Robin
  2237 | D:3      | Found a burning altar of Makhleb.
  2253 | D:3      | Reached XP level 5. HP: 35/40 MP: 0/0
  2253 | D:3      | Learned a level 2 spell: Searing Ray
  2638 | D:3      | Found an opulent altar of Gozag.
  3065 | D:3      | Reached XP level 6. HP: 38/46 MP: 0/0
  3226 | D:4      | Found a staircase to the Ecumenical Temple.
  3232 | Temple   | Entered the Ecumenical Temple
  3276 | Temple   | Became a worshipper of Ashenzari the Shackled
  3472 | D:4      | Reached skill level 4 in Spellcasting
  4117 | D:4      | Found a runed translucent door.
  4123 | D:4      | Noticed Crazy Yiuf
  4198 | D:4      | Reached XP level 7. HP: 39/53 MP: 0/0
  4198 | D:4      | Learned a level 3 spell: Ignite Poison
  4443 | D:5      | Entered Level 5 of the Dungeon
  4974 | D:5      | Reached skill level 5 in Fighting
  5081 | D:5      | Found a glowing silver altar of Zin.
  5228 | D:5      | Reached XP level 8. HP: 51/61 MP: 0/0
  5341 | D:5      | Reached * piety under Ashenzari
  5579 | D:5      | Reached skill level 5 in Spellcasting
  5866 | D:6      | Identified the +11 short sword "Vaoput" {spect, Fragile
                  | MP+9 Str+2 Dex+8}
  6165 | D:6      | Found a shimmering altar of Xom.
  6223 | D:6      | Found a sacrificial altar of Ru.
  6382 | D:6      | Reached XP level 9. HP: 63/68 MP: 0/0
  6382 | D:6      | Learned a level 4 spell: Petrify
  6404 | D:6      | Noticed Blork the orc
  6411 | D:6      | Reached ** piety under Ashenzari
  7042 | D:6      | Killed Blork the orc
  7184 | D:6      | Found a glowing golden altar of the Shining One.
  7272 | D:7      | Reached skill level 1 in Short Blades
  7329 | D:7      | Found a blossoming altar of Fedhas.
  7474 | D:7      | Reached skill level 5 in Stealth
  7954 | D:7      | Found a hide-covered altar of Uskayaw.
  8191 | D:7      | Reached *** piety under Ashenzari
  8233 | D:8      | Found an ornate altar of the Wu Jian Council.
  8291 | D:8      | Reached skill level 1 in Evocations
  8384 | D:8      | Reached skill level 6 in Spellcasting
  8800 | D:9      | Reached XP level 10. HP: 63/81 MP: 0/0
  9052 | D:9      | Identified the +9 spear of the Nine Moons {spect, rF+ Str-5
                  | Dex+4}
  9142 | D:9      | Found a bloodstained altar of Trog.
  9223 | D:9      | Noticed a two-headed ogre
  9229 | D:9      | Killed a two-headed ogre
  9230 | D:9      | Reached skill level 5 in Dodging
  9460 | D:10     | Entered Level 10 of the Dungeon
  9460 | D:10     | Noticed a two-headed ogre
  9465 | D:10     | Killed a two-headed ogre
  9719 | D:10     | Found a flagged portal.
  9798 | Bailey   | Entered a bailey
  9835 | Bailey   | Noticed an orc warlord
  9870 | Bailey   | Noticed an orc knight
  9960 | Bailey   | Killed an orc knight
  9961 | Bailey   | Reached XP level 11. HP: 66/89 MP: 0/0
  9961 | Bailey   | Learned a level 4 spell: Leda's Liquefaction
 10153 | Bailey   | Found a runed translucent gate.
 10156 | Bailey   | Found a runed translucent gate.
 10159 | Bailey   | Found a runed translucent gate.
 10385 | Bailey   | Killed an orc warlord
 10386 | Bailey   | Reached skill level 7 in Spellcasting
 10504 | D:10     | Reached skill level 10 in Fighting
 10504 | D:10     | Reached skill level 8 in Spellcasting
 10504 | D:10     | Reached XP level 12. HP: 101/101 MP: 0/0
 10557 | D:10     | Reached skill level 5 in Short Blades
 10827 | D:10     | Found a basalt altar of Yredelemnul.
 11057 | D:10     | Reached skill level 9 in Spellcasting
 11529 | D:11     | Noticed a two-headed ogre
 11533 | D:11     | Killed a two-headed ogre
 12204 | D:11     | Found a staircase to the Orcish Mines.
 12483 | D:11     | Noticed a two-headed ogre
 12486 | D:11     | Killed a two-headed ogre
 12516 | D:11     | Noticed Erolcha
 12656 | D:12     | Noticed a two-headed ogre
 12667 | D:12     | Killed a two-headed ogre
 12829 | D:12     | Reached XP level 13. HP: 89/108 MP: 0/0
 12829 | D:12     | Learned a level 5 spell: Arcjolt
 14294 | D:11     | Killed Erolcha
 14461 | D:11     | Reached skill level 10 in Spellcasting
 15309 | D:9      | Found a staircase to the Lair.
 15326 | D:9      | Found a sparkling altar of Nemelex Xobeh.
 15326 | D:9      | Found a hazy altar of Hepliaklqana.
 15386 | D:9      | Noticed Harold
 15412 | D:9      | Killed Harold
 15654 | D:9      | Noticed Prince Ribbit
 15656 | D:9      | Killed Prince Ribbit
 16733 | Lair:1   | Entered Level 1 of the Lair of Beasts
 17216 | Lair:1   | Reached **** piety under Ashenzari
 17574 | Lair:1   | Reached skill level 1 in Armour
 17814 | Lair:1   | Found a runed translucent door.
 17860 | Lair:1   | Noticed OTABOTABOTAB's ghost (journeyman GrEE)
 18215 | Lair:2   | Found a gate leading to a gauntlet.
 18216 | Lair:2   | Noticed Erica
 18222 | Lair:2   | Killed Erica
 18296 | Gauntlet | Entered a Gauntlet
 18296 | Gauntlet | Found a transporter.
 18309 | Gauntlet | Noticed a hell beast
 18330 | Gauntlet | Found a transporter.
 18332 | Gauntlet | Found a runed translucent door.
 18345 | Gauntlet | Found a runed translucent door.
 18346 | Gauntlet | Identified the ring "Meojeg" {Will+ Dex+6}
 18347 | Gauntlet | Found a transporter.
 18351 | Gauntlet | Found a transporter.
 18372 | Gauntlet | Found a transporter.
 18385 | Gauntlet | Found a transporter.
 18405 | Gauntlet | Identified the ring of Xom's Righteous Fury {rCorr Str+3
                  | Int-2 Dex+8}
 18406 | Gauntlet | Found a transporter.
 18424 | Gauntlet | Found a transporter.
 18428 | Gauntlet | Found a transporter.
 18428 | Gauntlet | Identified Duirph's Lessons on Lava
 18432 | Gauntlet | Found a runed translucent door.
 18432 | Gauntlet | Found a runed translucent door.
 18436 | Gauntlet | Found a transporter.
 18458 | Gauntlet | Found a transporter.
 18459 | Gauntlet | Found a transporter.
 18747 | Gauntlet | Reached XP level 14. HP: 121/121 MP: 0/0
 18792 | Gauntlet | Reached XP level 15. HP: 127/127 MP: 0/0
 18792 | Gauntlet | Learned a level 6 spell: Iron Shot
 19110 | Lair:2   | Found a staircase to the Snake Pit.
 20450 | Lair:3   | Noticed Nessos
 20453 | Lair:3   | Nessos changed into Nessos the lindwurm
 20453 | Lair:3   | Noticed Nessos
 20457 | Lair:3   | Killed Nessos the lindwurm
 21029 | Lair:3   | Identified a scroll of acquirement
 21042 | Lair:3   | Reached skill level 5 in Evocations
 21046 | Lair:3   | Acquired the +2 ring mail of Foolhardiness {rC+ rN+}
 21894 | Lair:3   | Found a staircase to the Shoals.
 21956 | Lair:3   | Reached skill level 11 in Spellcasting
 22606 | Lair:4   | Found a staircase to the Slime Pits.
 22606 | Lair:4   | Found a viscous altar of Jiyva.
 23750 | Lair:5   | Entered Level 5 of the Lair of Beasts
 24407 | Lair:5   | Reached XP level 16. HP: 112/134 MP: 0/0
 24418 | Lair:5   | Reached skill level 10 in Short Blades
 25358 | Lair:5   | Identified the +1 longbow of Pain and Death {freeze, rPois
                  | rC- Str-4 Stlth+}
 26566 | Orc:1    | Entered Level 1 of the Orcish Mines
 26566 | Orc:1    | Noticed Fannar
 26576 | Orc:1    | Killed Fannar
 26577 | Orc:1    | Reached skill level 10 in Stealth
 26753 | Orc:1    | Found Ycaoloh's Assorted Antiques.
 27094 | Orc:1    | Noticed Nergalle
 27101 | Orc:1    | Killed Nergalle
 27393 | Orc:1    | Paralysed by an orc sorcerer for 2 turns
 27756 | Orc:2    | Entered Level 2 of the Orcish Mines
 28004 | Orc:2    | Found a staircase to the Elven Halls.
 28109 | Orc:2    | Found Uzaotoju's General Store.
 28118 | Orc:2    | Bought a potion of haste for 120 gold pieces
 29183 | Orc:2    | Found Inatrog's Assorted Antiques.
 29188 | Orc:2    | Found Vipsien's Magic Scroll Boutique.
 29199 | Orc:2    | Bought a translucent ivory amulet for 135 gold pieces
 29199 | Orc:2    | Identified the amulet of Micwowk {Spirit rN+ Regen+} (You
                  | bought it in a shop on level 2 of the Orcish Mines)
 29210 | Orc:2    | Bought a pair of glowing gloves for 202 gold pieces
 29213 | Orc:2    | Bought a scroll of poison for 60 gold pieces
 29213 | Orc:2    | Bought a scroll of teleportation for 45 gold pieces
 29213 | Orc:2    | Bought a scroll of butterflies for 60 gold pieces
 29213 | Orc:2    | Bought a scroll of fog for 60 gold pieces
 29213 | Orc:2    | Bought a scroll of teleportation for 45 gold pieces
 29213 | Orc:2    | Found Ostradu's Assorted Antiques.
 29215 | Orc:2    | Found Fapti's Weapon Emporium.
 29221 | Orc:2    | Bought a scroll of blinking for 157 gold pieces
 29755 | D:13     | Noticed Josephine
 29756 | D:13     | Killed Josephine
 30050 | D:13     | Reached skill level 5 in Armour
 30142 | D:13     | Reached skill level 12 in Spellcasting
 30721 | Snake:1  | Entered Level 1 of the Snake Pit
 30797 | Snake:1  | Reached XP level 17. HP: 94/141 MP: 0/0
 30797 | Snake:1  | Learned a level 6 spell: Simulacrum
 30802 | Snake:1  | Reached skill level 15 in Fighting
 31759 | Snake:2  | Reached skill level 10 in Dodging
 32215 | Snake:2  | Found a transporter.
 32216 | Snake:2  | Identified the +2 cloak of the Lotus Blossom {rF- Regen+
                  | Str+3}
 32216 | Snake:2  | Identified the ring of Fun {rPois rC+ Str+6 Int+4 SInv}
 32504 | Snake:3  | Noticed Roxanne
 32560 | Snake:3  | Killed Roxanne
 32618 | Snake:3  | Noticed Aizul
 32636 | Snake:3  | Killed Aizul
 32923 | Snake:3  | Noticed Vashnia
 33042 | Snake:4  | Entered Level 4 of the Snake Pit
 33146 | Snake:4  | Reached XP level 18. HP: 117/149 MP: 0/0
 34085 | Snake:4  | Reached skill level 13 in Spellcasting
 34817 | Snake:3  | Killed Vashnia
 35202 | Snake:4  | Found Ydam's Antique Weapon Emporium.
 35542 | Snake:4  | Bought a crude scimitar for 315 gold pieces
 35542 | Snake:4  | Identified the +5 scimitar of the Beginning {flame, rN+
                  | Str-3 Dex+4} (You bought it in a shop on level 4 of the
                  | Snake Pit)
 35543 | Snake:4  | Bought a jewelled spear for 280 gold pieces
 35543 | Snake:4  | Identified the +12 spear of the Fulmar {heavy, rElec rF-
                  | rC++ Int+3} (You bought it in a shop on level 4 of the
                  | Snake Pit)
 35618 | Snake:4  | Identified the +0 cloak of Lecyjias {+Inv rPois Slay-2
                  | Stlth+}
 35666 | Snake:4  | Reached skill level 1 in Shields
 35855 | Snake:4  | Noticed a quicksilver dragon
 35861 | Snake:4  | Killed a quicksilver dragon
 35862 | Snake:4  | Killed a quicksilver dragon
 35884 | Snake:4  | Got a serpentine rune of Zot
 36443 | Shoals:1 | Entered Level 1 of the Shoals
 36457 | Shoals:1 | Reached ***** piety under Ashenzari
 36480 | Shoals:1 | Identified the +3 scale mail of Defiance {Drain Int+2
                  | Dex+7}
 36563 | Shoals:1 | Noticed Louise
 36578 | Shoals:1 | Killed Louise
 37266 | Shoals:2 | Reached XP level 19. HP: 156/167 MP: 0/0
 37266 | Shoals:2 | Learned a level 6 spell: Conjure Ball Lightning
 37353 | Shoals:2 | Noticed Ilsuiw
 37359 | Shoals:2 | Killed Ilsuiw
 37403 | Shoals:2 | Noticed Jorgrun
 37412 | Shoals:2 | Reached skill level 5 in Shields
 37415 | Shoals:2 | Killed Jorgrun
 37421 | Shoals:2 | Reached skill level 14 in Spellcasting
 38142 | Shoals:3 | Reached ****** piety under Ashenzari
 38179 | Shoals:3 | Noticed Nikola
 38185 | Shoals:3 | Killed Nikola
 38224 | Shoals:3 | Found Taoss's Distillery.
 38245 | Shoals:3 | Bought a potion of haste for 140 gold pieces
 38245 | Shoals:3 | Bought a potion of haste for 140 gold pieces
 38245 | Shoals:3 | Bought a potion of heal wounds for 70 gold pieces
 38245 | Shoals:3 | Bought a potion of curing for 42 gold pieces
 39153 | Shoals:4 | Entered Level 4 of the Shoals
 39203 | Shoals:4 | Found Sauv's General Store.
 39262 | Shoals:4 | Reached skill level 1 in Polearms
 39299 | Shoals:4 | Identified the ring "Xeafixziqu" {*Slow rElec rCorr Dex-3
                  | SInv}
 39384 | Shoals:4 | Reached XP level 20. HP: 156/175 MP: 0/0
 39406 | Shoals:4 | Identified the +5 arbalest of Regicide {penet, Stlth+}
 39411 | Shoals:4 | Reached skill level 15 in Spellcasting
 39887 | Elf:1    | Entered Level 1 of the Elven Halls
 40126 | Elf:1    | Noticed Asterion
 40135 | Elf:1    | Killed Asterion
 41318 | Elf:2    | Identified the +0 leather armour of Hairiness {Dex+2}
 41721 | Elf:2    | Found Anenn's Jewellery Emporium.
 41722 | Elf:2    | Found Usuhoonu's Book Shop.
 41723 | Elf:2    | Found Usoluf's Jewellery Emporium.
 41911 | Elf:2    | Found a runed translucent gate.
 41911 | Elf:2    | Found a runed translucent gate.
 41927 | Elf:2    | Found a runed translucent gate.
 42115 | Elf:3    | Entered Level 3 of the Elven Halls
 42483 | Elf:3    | Reached skill level 16 in Spellcasting
 42605 | Elf:3    | Reached skill level 5 in Polearms
 42667 | Elf:3    | Reached XP level 21. HP: 171/176 MP: 0/0
 42667 | Elf:3    | Learned a level 8 spell: Disjunction
 43110 | Elf:3    | Identified the amulet of Fyfaxt {Faith Harm *Slow Regen+
                  | Dex-5}
 43137 | Elf:3    | Identified the +11 war axe of Optimality {pain, +Blink rF-
                  | rCorr Str+4}
 43138 | Elf:3    | Identified the +2 chain mail "Nalalap" {Str+5}
 43722 | Elf:3    | Found the +3 Mad Mage's Maulers {Infuse+∞ VampMP -Cast}
 43722 | Elf:3    | Identified Osoetus's Lectures on the Pyre and Air
 44249 | Shoals:4 | Got a barnacled rune of Zot
 44364 | Shoals:4 | Found Tomearo's Specific Store.
 44369 | Shoals:4 | Bought a wand of acid (6) for 453 gold pieces
 45345 | D:14     | Reached skill level 17 in Spellcasting
 45933 | D:14     | Found a bloodstained altar of Trog.
 46090 | D:15     | Entered Level 15 of the Dungeon
 46326 | D:15     | Noticed Kirke
 46332 | D:15     | Killed Kirke
 46460 | D:15     | Found a staircase to the Depths.
 46984 | D:13     | Identified the +8 plate armour "Qocycav" {rF- Dex+8 SInv
                  | Stlth-}
 47020 | D:13     | Reached XP level 22. HP: 144/187 MP: 0/0
 47062 | D:13     | Found a gate to the Vaults.
 47165 | Vaults:1 | Entered Level 1 of the Vaults
 48496 | Vaults:1 | Reached skill level 18 in Spellcasting
 49000 | Vaults:2 | Found a huge runed gate.
 49000 | Vaults:2 | Found a huge runed gate.
 49000 | Vaults:2 | Found a huge runed gate.
 49000 | Vaults:2 | Found a huge runed gate.
 49000 | Vaults:2 | Found a huge runed gate.
 49000 | Vaults:2 | Found a huge runed gate.
 49001 | Vaults:2 | Found a huge runed gate.
 49001 | Vaults:2 | Found a huge runed gate.
 49001 | Vaults:2 | Found a huge runed gate.
 49001 | Vaults:2 | Found a huge runed gate.
 49004 | Vaults:2 | Found a huge runed gate.
 49004 | Vaults:2 | Found a huge runed gate.
 49004 | Vaults:2 | Found a huge runed gate.
 49004 | Vaults:2 | Found a huge runed gate.
 49004 | Vaults:2 | Found a huge runed gate.
 49004 | Vaults:2 | Found a huge runed gate.
 49004 | Vaults:2 | Found a huge runed gate.
 49006 | Vaults:2 | Found a huge runed gate.
 49007 | Vaults:2 | Found a huge runed gate.
 49338 | Vaults:2 | Reached XP level 23. HP: 66/193 MP: 0/0
 49338 | Vaults:2 | Learned a level 8 spell: Ignition
 50163 | Vaults:3 | Found Qimitej's Distillery.
 50168 | Vaults:3 | Bought a potion of brilliance for 56 gold pieces
 50168 | Vaults:3 | Bought a potion of curing for 42 gold pieces
 51069 | Vaults:3 | Reached skill level 10 in Evocations
 51075 | Vaults:3 | Reached skill level 10 in Armour
 51724 | Vaults:3 | Acquired 1037 gold pieces
 51952 | Vaults:3 | Found a staircase to the Crypt.
 52244 | Vaults:4 | Reached skill level 10 in Shields
 52531 | Vaults:4 | Reached skill level 10 in Polearms
 52585 | Vaults:4 | Reached XP level 24. HP: 151/204 MP: 0/0
 52891 | Vaults:4 | Identified the +0 leather armour of Dytuas {rC+ rCorr
                  | Str+4}
 53673 | Lair:1   | Killed OTABOTABOTAB's ghost
 53938 | Snake:2  | Found a transporter.
 54373 | Shoals:4 | Bought a potion of heal wounds for 95 gold pieces
 54501 | Slime:1  | Entered Level 1 of the Pits of Slime
 54774 | Depths:1 | Entered Level 1 of the Depths
 54782 | Depths:1 | Identified The Last History of Nicolae
 54999 | Depths:1 | Noticed Margery
 55005 | Depths:1 | Killed Margery
 55021 | Depths:1 | Found a gateway to Hell.
 55109 | Depths:1 | Found Feackix's Antique Weapon Emporium.
 55643 | Depths:2 | Found an iron altar of Okawaru.
 55874 | Depths:2 | Found a large runed translucent door.
 55874 | Depths:2 | Found a large runed translucent door.
 55878 | Depths:2 | Noticed drugrobin's ghost (adept DgDe)
 56031 | Depths:2 | Found Fem Jiko's Assorted Antiques.
 56036 | Depths:2 | Bought a scroll of blinking for 240 gold pieces
 56036 | Depths:2 | Bought a scroll of blinking for 240 gold pieces
 56041 | Depths:2 | Found a one-way gate leading to the halls of Pandemonium.
 56472 | Depths:2 | Reached XP level 25. HP: 57/208 MP: 0/0
 56472 | Depths:2 | Learned a level 8 spell: Necromutation
 56702 | Depths:3 | Found an opulent altar of Gozag.
 56712 | Depths:3 | Found Gozag's Antique Weapon Shop.
 56712 | Depths:3 | Found Gozag's Antique Armour Boutique.
 56715 | Depths:3 | Found Gozag's Antique Weapon Shop.
 56777 | Depths:3 | Reached skill level 15 in Dodging
 56996 | Depths:3 | Bought a dazzling spear for 800 gold pieces
 56996 | Depths:3 | Identified the +4 spear "Gafebif" {pain, rElec rN+ Dex+4}
                  | (You bought it in a shop on level 3 of the Depths)
 57291 | Depths:3 | Identified the +11 dagger of Dishonour {flame, rC+ Str+6}
 57304 | Depths:3 | Found a runed translucent gate.
 57305 | Depths:3 | Found a runed translucent gate.
 57305 | Depths:3 | Found a runed translucent gate.
 57306 | Depths:3 | Noticed Caat Rau's ghost (adept DgCj)
 57306 | Depths:3 | Noticed WeeknightWizard's ghost (veteran DEFE)
 57308 | Depths:3 | Noticed Gucom's ghost (veteran GnFi)
 57420 | Depths:3 | Found a gateway to a bazaar.
 57424 | Depths:3 | Found a one-way gate to the infinite horrors of the Abyss.
 57629 | Depths:3 | Identified the ring "Jitoi" {+Blink rF+ rN+++ Str-2 Dex-4}
 57664 | Bazaar   | Entered a bazaar
 57664 | Bazaar   | Found Zokesasm's Book Emporium.
 57671 | Bazaar   | Found Meklux's Jewellery Shoppe.
 57685 | Bazaar   | Found Qazepseh's Jewellery Boutique.
 57693 | Bazaar   | Bought the ring of Cufibus {Fire Stlth+} for 313 gold
                  | pieces
 57694 | Bazaar   | Found Zyek's Weapon Boutique.
 57780 | Depths:4 | Entered Level 4 of the Depths
 57874 | Depths:4 | Noticed a juggernaut
 57883 | Depths:4 | Killed a juggernaut
 57933 | Depths:4 | Found a one-way gateway to a ziggurat.
 58320 | Depths:4 | Found Qugeymas's Vocational Training.
 58328 | Depths:4 | Bought a manual of Evocations for 1600 gold pieces
 58483 | Depths:4 | Noticed Frederick
 58490 | Depths:4 | Killed Frederick
 59396 | Depths:4 | Found a gate to the Realm of Zot.
 59676 | Elf:2    | Bought a ring of resist corrosion for 240 gold pieces
 60582 | Slime:4  | Reached XP level 26. HP: 195/215 MP: 0/0
 60582 | Slime:4  | Noticed Dissolution
 60589 | Slime:4  | Killed Dissolution
 60801 | Slime:5  | Entered Level 5 of the Pits of Slime
 60910 | Slime:5  | Noticed the Royal Jelly
 60916 | Slime:5  | Killed the Royal Jelly
 60971 | Slime:5  | Identified the +11 shortbow of Enworoih {freeze, Dex+3}
 60971 | Slime:5  | Identified the +4 spear of the Disbelieving Shark
                  | {antimagic, rN+}
 61014 | Slime:5  | Identified Anioss's Almanac of Bolts
 61044 | Slime:5  | Got a slimy rune of Zot
 61732 | Vaults:5 | Entered Level 5 of the Vaults
 61748 | Vaults:5 | Reached skill level 15 in Shields
 61751 | Vaults:5 | Noticed an ancient lich
 61755 | Vaults:5 | Reached skill level 15 in Evocations
 62075 | Vaults:5 | Noticed an ancient lich
 62082 | Vaults:5 | Killed an ancient lich
 62086 | Vaults:5 | Reached XP level 27. HP: 162/210 MP: 0/0
 62086 | Vaults:5 | Learned a level 9 spell: Death's Door
 62170 | Vaults:5 | Identified the +1 ring mail of the Game of Kings {rF+
                  | Str+2}
 62233 | Vaults:5 | Noticed a dread lich
 62255 | Vaults:5 | Killed a dread lich
 62652 | Vaults:5 | Killed an ancient lich
 62904 | Vaults:5 | Identified the +6 scale mail of the Minstrel {Str+3}
 62907 | Vaults:5 | Identified Sif Muna's Tractate on the Rotting Tropics
 62977 | Vaults:5 | Noticed a dread lich
 62982 | Vaults:5 | Killed a dread lich
 63082 | Vaults:5 | Identified The Foundations of Spellcasting
 63134 | Vaults:5 | Got a silver rune of Zot
 63156 | Vaults:5 | Identified the +4 long sword "Cocy" {venom, Int+3 Dex+7}
 63242 | Vaults:5 | Identified the +4 lajatang of the Whale {antimagic, rElec
                  | rPois}
 63244 | Vaults:5 | Identified the +5 flail of Symmetry {antimagic, Str+3}
 63324 | Vaults:5 | Identified the +7 triple crossbow "Vevexaf" {penet, rPois
                  | Will- Dex+3}
 63324 | Vaults:5 | Identified a ring "Hulitair" {rC+ rCorr Str+2 Slay+2 SInv}
 64017 | Zot:1    | Entered Level 1 of the Realm of Zot
 64058 | Zot:1    | Reached skill level 15 in Armour
 64125 | Zot:1    | Slain by a death cob

Illustrated notes

Levels and vault maps discovered:
D:1:      dpeg_arrival_boxorama, layout_loops_ring,
          hellmonk_ecumenical_altar_pennies_from_heaven, st_stairs_11
D:2:      layout_loops_cross, minmay_heptomino_l4, uniq_robin
D:3:      layout_rooms, nicolae_kikubaaqudgha_miasma_corner, bloody_makhleb,
          grunt_gozag_statues
D:4:      layout_loops_cross, lemuel_round_altar, minmay_temple_entry_offerings,
          uniq_crazy_yiuf_cottage
D:5:      layout_loops_ring, zin_statuary, minmay_door_square
D:6:      layout_cave_pools, marbit_many_paths, mainiacjoe_overflow_paths,
          tgw_xom, kennysheep_cross_bottleneck, uniq_blork_the_orc
D:7:      layout_loops_corners, fedhas_altar_1, nicolae_uskayaw_suspiria
D:8:      layout_cave_pools, mainiacjoe_overflow_24_doors,
          kennysheep_orc_sif_temple, roderic_lattice_a
D:9:      layout_cave_pods, gammafunk_temple_overflow_elements,
          kennysheep_little_box, lair_entry_dummy, uniq_prince_ribbit1,
          uniq_harold
D:10:     layout_rooms, yredelemnul_altar_generic, enter_bailey_3
D:11:     layout_layer_cave, hiddenorc2_lemuel, hex_medium, uniq_erolcha
D:12:     layout_basic, minivault_16
D:13:     layout_roguey, grunt_vaults_entry_fortified, serial_bayou,
          serial_bayou_pond_e, serial_bayou_ford_a, serial_bayou_shore_b,
          serial_bayou_lake_a, uniq_josephine
D:14:     kennysheep_bubbly, layout_loops_ring, grunt_ministairs_14,
          hangedman_decor_peaks_small, tgw_trog
D:15:     grunt_enter_depths_magical_seal, layout_rooms, serial_bayou_pond_a,
          corexii_checkpoint_b, uniq_kirke
Temple:   corrupted_temple
Lair:1:   layout_loops_ring, ebering_ghost_inner_flame
Lair:2:   layout_loops_ring, nicolae_snake_entry_warm_welcome,
          gauntlet_entry_generic, uniq_erica
Lair:3:   layout_regular_city, elwin_shoals_entry_rooms,
          amcnicky_mini_pool_medium, grunt_megastairs_4, lemuel_fruit_fields,
          uniq_nessos
Lair:4:   layout_roguey, slime_entry_1, infiniplex_staircase_pool_2,
          serial_bayou_shore_b, lemuel_fruit_fields
Lair:5:   minmay_lair_end_frog_pond, layout_cave_shapes,
          infiniplex_staircase_pool
Shoals:1: layout_shoals, uniq_louise
Shoals:2: nicolae_shoals_island_circles, layout_shoals, uniq_jorgrun,
          uniq_ilsuiw
Shoals:3: cheibrodos_shoals_roost, layout_shoals, serial_shops, shop_statue,
          uniq_nikola
Shoals:4: shoals_end_simple, layout_shoals, ldierk_geyser,
          nicolae_specific_store, nicolae_shoals_arrival_archipelago
Snake:1:  layout_misc_corridors, serial_bayou_shore_a, grunt_megastairs_5,
          lemuel_fruit_tree
Snake:2:  gammafunk_sealed_library, layout_onion_interference
Snake:3:  layout_onion, hangedman_venom_bottle, uniq_roxanne, uniq_aizul,
          uniq_vashnia
Snake:4:  hellmonk_snake_rune_quicksilver_temple, layout_cave_town,
          serial_shops, shop
Slime:1:  layout_caves, cheibrodos_slime_lost_civilization_7
Slime:2:  cheibrodos_slime_lost_civilization_3, layout_caves
Slime:3:  layout_caves, special_room [special_room_jelly]
Slime:4:  layout_caves, uniq_dissolution
Slime:5
Orc:1:    minmay_goldmine, layout_caves, serial_shops, shop,
          hangedman_feature_mirror, uniq_fannar, uniq_nergalle
Orc:2:    st_orc_elflike, layout_diamond_mine, serial_shops, shop
Elf:1:    eino_elf_arrival_shootout, layout_onion_city, minivault_24,
          uniq_asterion
Elf:2:    nicolae_elf_blades_splatter_lattice [infiniplex_blade_entry_pillars],
          layout_loops_cross, minmay_shop_grove, uniq_zenata
Elf:3:    minmay_elf_hall_x, layout_loops_cross, serial_sigils_hangedman_shear
Vaults:1: vaults_room_door_ring, ontoclasm_vaults_misaligned,
          grunt_vaults_trifunnel, vaults_room_door_ring, v_misc_1,
          vaults_room_glass_cross, v_rooms_4, vaults_dpeg_cross, v_misc_23,
          vaults_room_large_hall, layout_vaults_omnibox
Vaults:2: nicolae_vaults_little_squares_5, ontoclasm_vaults_fault,
          hangedman_vaults_cutoff, nicolae_vaults_what_the_h,
          ontoclasm_vaults_loading_screen, nicolae_vaults_specimen_jars,
          nicolae_vaults_asterisk, nicolae_vaults_mini_display_case, v_misc_14,
          not_door_vault_mu, nicolae_vaults_network_star,
          vaults_room_ringed_pool, nicolae_vaults_little_squares_6,
          nicolae_vaults_circle_grid_b, layout_vaults_big_cross
Vaults:3: blue_anna_dwarven_crypt, nicolae_vaults_network_square,
          grunt_vaults_hallway_short, grunt_vaults_twisty, v_alt_pattern_5,
          v_misc_30, vaults_room_boxed, layout_vaults_omnigrid, serial_shops,
          nicolae_shop_trees
Vaults:4: hangedman_vaults_maws, v_rooms_4, nicolae_vaults_ring_of_whatevers,
          v_alt_pattern_4, nicolae_vaults_sealed_display, vaults_room_hallway,
          nicolae_vaults_windows_and_doors_thing, grunt_vaults_hallway_long,
          ontoclasm_vaults_ligature, v_pattern_4, vaults_mumra_minichess,
          layout_vaults_maze
Vaults:5
Depths:1: layout_gridville, serial_shops, shop, grunt_metal_band,
          nicolae_titane, due_unseen_surprise
Depths:2: hangedman_arrow_trap, layout_basic, chequers_serial_rivers_room_a,
          rand_demon_pan_entry_8, pf_hell_entry_tar_river, serial_shops,
          shop_statue, ebering_ghost_disaster_area, okawaru_trees_2,
          uniq_bai_suzhen
Depths:3: kennysheep_gozag_temple, layout_cave_pools, hell_entry,
          gammafunk_ghost_cemetery, minmay_room_of_horrors, serial_shops,
          freezing_bzr, minmay_misc_feat_diagonals,
          nicolae_figureground_sparkle, infiniplex_staircase_star
Depths:4: evilmike_zot_entry_hall, layout_basic, enter_ziggurat_b, hell_entry,
          serial_sigils, serial_sigils_hangedman_confine,
          serial_sigils_hangedman_stare, serial_sigils_hangedman_scar,
          serial_sigils_hangedman_carve, serial_bayou_pond_a,
          nicolae_shop_vocational, uniq_frederick
Zot:1:    grunt_twist_and_shout, layout_onion_interference,
          gammafunk_ghost_crypt, st_stairs_4

Skill      XL: |  1  2  3  4  5  6  7  8  9 10 11 12 13 14 15 16 17 18 19 20 21 22 23 24 25 26 27 |
---------------+----------------------------------------------------------------------------------+-----
Fighting       | 1 2 3 4 5 6 7 8 10 11 12 13 14 15 16 17 | 17.1
Spellcasting   | 3 4 5 6 8 9 10 11 12 13 14 16 17 18 | 18.6
Stealth        | 2 3 4 5 6 7 8 9 10 11 12 13 | 13.6
Short Blades   | 2 4 6 8 9 10 | 10.0
Dodging        | 4 6 7 8 9 10 11 12 13 14 16 17 | 17.8
Evocations     | 1 2 3 4 6 7 8 9 10 12 15 16 | 16.5
Armour         | 1 3 5 7 8 9 10 11 12 13 15 | 15.3
Shields        | 3 7 8 10 13 14 15 | 15.9
Polearms       | 1 5 7 9 10 12 | 12.0

Action                   |  1- 3 |  4- 6 |  7- 9 | 10-12 | 13-15 | 16-18 | 19-21 | 22-24 | 25-27 || total
-------------------------+-------+-------+-------+-------+-------+-------+-------+-------+-------++-------
Melee: Short sword       |     3 |     3 |    22 |    39 |   159 |    94 |     3 |       |       ||   323
       Punch             |       |       |       |       |     4 |     2 |       |       |       ||     6
       Spear             |       |       |       |       |       |       |    68 |    48 |    28 ||   144
       Lance             |       |       |       |       |       |       |       |    28 |    54 ||    82
Throw: Throwing net      |       |       |       |       |     2 |     1 |       |       |       ||     3
       Dart              |       |       |       |       |     2 |       |       |       |       ||     2
 Cast: Shock             |    71 |   142 |   172 |    91 |     1 |       |       |       |       ||   477
       Slow              |       |     1 |     2 |       |       |       |       |       |       ||     3
       Airstrike         |       |       |    30 |   116 |   303 |   478 |   319 |    78 |     2 ||  1326
       Static Discharge  |       |       |     2 |     9 |       |       |       |       |       ||    11
       Petrify           |       |       |       |     5 |     4 |       |       |       |       ||     9
       Leda's Liquefacti |       |       |       |     1 |     1 |       |       |       |       ||     2
       Arcjolt           |       |       |       |       |    67 |    45 |    12 |     7 |       ||   131
       Swiftness         |       |       |       |       |     1 |       |       |       |       ||     1
       Iron Shot         |       |       |       |       |     2 |    16 |     8 |    60 |   109 ||   195
       Simulacrum        |       |       |       |       |       |   144 |   142 |   226 |   120 ||   632
       Conjure Ball Ligh |       |       |       |       |       |       |    90 |    25 |    12 ||   127
       Disjunction       |       |       |       |       |       |       |       |     1 |     1 ||     2
       Ignition          |       |       |       |       |       |       |       |   189 |   188 ||   377
       Searing Ray       |       |       |       |       |       |       |       |     1 |       ||     1
       Necromutation     |       |       |       |       |       |       |       |       |    18 ||    18
Invok: Curse Item        |       |       |     5 |     1 |     1 |     3 |     3 |     1 |       ||    14
       Shatter the Chain |       |       |     1 |       |     1 |     1 |     3 |     1 |     2 ||     9
Evoke: Wand              |       |       |       |       |     2 |     3 |       |     1 |       ||     6
       Box of beasts     |       |       |       |       |       |     2 |     2 |       |       ||     4
       Condenser vane    |       |       |       |       |       |       |     3 |       |       ||     3
       Phial of floods   |       |       |       |       |       |       |     1 |       |     1 ||     2
       Phantom mirror    |       |       |       |       |       |       |       |       |     1 ||     1
  Use: Scroll            |       |       |     1 |     2 |     5 |     2 |     1 |     2 |     4 ||    17
       Potion            |       |       |       |     1 |     1 |     2 |     1 |     1 |     2 ||     8
 Stab: Sleeping          |       |     1 |     1 |       |     3 |     2 |       |     1 |       ||     8
       Petrified         |       |       |       |     1 |     2 |       |       |       |       ||     3
       Petrifying        |       |       |       |     1 |       |       |       |       |       ||     1
       Distracted        |       |       |       |       |     3 |     1 |     1 |     3 |     2 ||    10
       Held in net/web   |       |       |       |       |     1 |     2 |       |       |       ||     3
       Betrayed ally     |       |       |       |       |     1 |       |       |       |       ||     1
Armor: Robe              |     5 |     6 |     7 |     4 |    11 |       |       |       |       ||    33
       Ring mail         |       |       |       |       |    14 |    44 |    25 |       |       ||    83
       Quicksilver drago |       |       |       |       |       |       |    28 |    81 |    33 ||   142
       Storm dragon scal |       |       |       |       |       |       |       |       |    54 ||    54
Dodge: Dodged            |     8 |    28 |    34 |    34 |    97 |   187 |   108 |   103 |    72 ||   671
Block: Other             |       |       |     9 |    13 |    31 |    11 |       |       |       ||    64
       Reflection        |       |       |     1 |     2 |     1 |       |       |       |       ||     4
       Kite shield       |       |       |       |       |       |     3 |    95 |   111 |   106 ||   315

Table legend: (Time is in decaauts)
 A = Elapsed time spent in this place.
 B = Non-inter-level travel time spent in this place.
 C = Inter-level travel time spent in this place.
 D = Time resting spent in this place.
 E = Time spent auto-exploring this place.
 F = Levels seen in this place.
 G = Mean time per level.
                   A        B        C        D        E       F      G
               +--------+--------+--------+--------+--------+-----+--------+
         Total |  64066 |  57747 |   6319 |  13825 |  31243 |  52 | 1232.0 |
       Dungeon |  20842 |  18413 |   2429 |   4895 |  10623 |  15 | 1389.5 |
        Temple |     60 |     33 |     27 |      0 |     27 |   1 |   60.0 |
          Lair |   9995 |   8777 |   1218 |   2959 |   4645 |   5 | 1999.0 |
        Shoals |   4134 |   3639 |    495 |    120 |   2172 |   4 | 1033.5 |
     Snake Pit |   6071 |   5353 |    718 |   1374 |   2358 |   4 | 1517.8 |
    Slime Pits |   1213 |   1102 |    111 |    369 |    331 |   5 |  242.6 |
  Orcish Mines |   2824 |   2645 |    179 |    847 |   1428 |   2 | 1412.0 |
   Elven Halls |   4085 |   3866 |    219 |   1048 |   1875 |   3 | 1361.7 |
        Vaults |   8424 |   7839 |    585 |    878 |   4779 |   5 | 1684.8 |
        Depths |   4804 |   4469 |    335 |    876 |   2516 |   4 | 1201.0 |
           Zot |     85 |     85 |      0 |      0 |     11 |   1 |   85.0 |
        Bazaar |     76 |     76 |      0 |      0 |     68 |   1 |   76.0 |
        Bailey |    704 |    704 |      0 |    254 |    264 |   1 |  704.0 |
      Gauntlet |    745 |    745 |      0 |    205 |    146 |   1 |  745.0 |
               +--------+--------+--------+--------+--------+-----+--------+

Top non-repeatable levels by time:
  Lair:3: 2465 daAuts
  Lair:5: 2357 daAuts
    D:11: 2340 daAuts
     D:9: 2291 daAuts
 Snake:3: 2210 daAuts
Vaults:3: 2000 daAuts
  Lair:1: 1886 daAuts
    D:12: 1827 daAuts
   Elf:3: 1736 daAuts
Depths:4: 1721 daAuts
  Lair:2: 1715 daAuts
Vaults:5: 1710 daAuts
    D:13: 1652 daAuts
Vaults:2: 1633 daAuts
Vaults:4: 1605 daAuts
